 Dungeon Crawl Stone Soup version 0.25-a0-246-g58704a1ebd (webtiles) character file.

Game seed: 2697719607330779678, levelgen mode: deterministic

4509 Gargoyl the Chopper (level 10, -6/83 HPs)
             Began as a Centaur Abyssal Knight on Dec 3, 2019.
             Was a Priest of Lugonu.
             Mangled by a death yak (18 damage)
             ... on level 8 of the Dungeon.
             The game lasted 00:12:11 (8791 turns).

Gargoyl the Chopper (Centaur Abyssal Knight)        Turns: 8791, Time: 00:12:12

Health: -6/83      AC: 12    Str: 15 (16) XL:     10   Next: 16%
Magic:  13/14      EV:  6    Int: 21      God:    Lugonu [***...]
Gold:   430        SH:  8    Dex:  8 (11) Spells: 9/9 levels left

rFire    . . .     SeeInvis .   s - +6 hand axe "Nethros" {drain, *Rage rN++ MR+++}
rCold    . . .     Gourm    .   b - +0 shield
rNeg     + + .     Faith    .   z - +2 scale mail "Mumucw" {Regen+ Int+3}
rPois    .         Spirit   .   (no helmet)
rElec    .         Reflect  .   h - +0 cloak
rCorr    .         Harm     .   i - +0 pair of gloves
MR       +++..     Rnd*Rage +   (no barding)
Stlth    ..........             (no amulet)
HPRegen  0.63/turn              f - +2 ring of intelligence
MPRegen  0.14/turn              (no ring)

@: brilliant, berserk cooldown, hasted and slowed, very quick
A: large, hooves 3, deformed body, speed 2, tough skin 3
a: Depart the Abyss, Bend Space, Banish, Renounce Religion


You were on level 8 of the Dungeon.
You worshipped Lugonu.
Lugonu was most pleased with you.
You were hungry.

You visited 1 branch of the dungeon, and saw 8 of its levels.
You visited the Abyss 2 times.
You also visited: Ossuary.

You collected 430 gold pieces.

Inventory:

Hand Weapons
 a - a +1 hand axe
 p - a +0 war axe
 s - the +6 hand axe "Nethros" (weapon) {drain, *Rage rN++ MR+++}
   (You found it on level 4 of the Dungeon)

   A truly terrible weapon, it drains the life of those it strikes.
   It greatly protects you from negative energy.
   It affects your resistance to hostile enchantments.
   It may make you go berserk in combat.
Armour
 b - a +0 shield (worn)
 h - a +0 cloak (worn)
 i - a +0 pair of gloves (worn)
 z - the +2 scale mail "Mumucw" (worn) {Regen+ Int+3}
   (You found it on level 6 of the Dungeon)

   It affects your intelligence (+3).
   It increases your rate of regeneration.
Jewellery
 f - a +2 ring of intelligence (left hand)
Wands
 C - a wand of random effects (13)
Scrolls
 d - 2 scrolls of remove curse
 t - 2 scrolls of magic mapping
 v - a scroll of teleportation
 w - 5 scrolls of identify
 y - a scroll of fear {unknown}
Potions
 e - 3 potions of curing
 g - a potion of lignification
 j - a potion of cancellation {unknown}
 k - a potion of berserk rage {unknown}
 l - 2 potions of ambrosia
 m - 2 potions of brilliance
 n - a potion of agility {unknown}
 o - a potion of flight {unknown}
 q - a potion of degeneration
 u - 2 potions of might
 B - a potion of magic
Comestibles
 c - 22 rations


   Skills:
 + Level 5.8 Fighting
 + Level 6.8 Axes
 * Level 6.4 Armour
 * Level 4.4 Dodging
 + Level 2.4 Shields
 * Level 6.2 Invocations


You had 9 spell levels left.
You didn't know any spells.
Your spell library contained the following spells:

 Spells                   Type           Power        Failure   Level  Hunger
 Beastly Appendage        Tmut           ##....       24%         1    ##.....
 Sticks to Snakes         Tmut           ##......     34%         2    ###....
 Sublimation of Blood     Necr           ##........   34%         2    ###....
 Ignite Poison            Fire/Tmut/Pois ##......     54%         3    ####...
 Spider Form              Tmut/Pois      ##........   54%         3    ####...
 Ice Form                 Ice/Tmut       ##......     87%         4    #####..
 Petrify                  Tmut/Erth      ##......     87%         4    #####..
 Alistair's Intoxication  Tmut/Pois      ##......     99%         5    ######.
 Blade Hands              Tmut           ##........   99%         5    ######.
 Irradiate                Conj/Tmut      ##........   99%         5    ######.
 Eringya's Noxious Bog    Tmut/Pois      ##........   100%        6    #######


Dungeon Overview and Level Annotations

Branches:
Dungeon (8/15)             Temple (0/1) D:6         Ossuary (visited)
   Lair: D:8-11

Altars:
Ashenzari
Fedhas
Okawaru
Sif Muna
Trog
Uskayaw
Xom
Yredelemnul


Innate Abilities, Weirdness & Mutations

You have hooves in place of feet.
Armour fits poorly on your strangely shaped body.
You cover ground very quickly.
You have extremely tough skin. (AC +3)


Message History

Unknown command.
You feel yourself speed up.
You pass through the gate.
Welcome back to the Dungeon!
You can no longer corrupt the fabric of space.
The two-headed ogre hits you with a +0 giant club!
* * * LOW HITPOINT WARNING * * *
The two-headed ogre hits you with a +0 giant club!
* * * LOW HITPOINT WARNING * * *
Things that are here:
a +0 dagger; an orc corpse Space bends around you!
You blink.
You block the death yak's attack.
An iguana comes into view.
The hippogriff bites you but does no damage.
The hippogriff barely misses you.
The hippogriff claws you but does no damage.
You feel better.
The iguana hisses angrily.
The death yak gores you!!
You die...

#########
.......@################
#..l###HYaO).....(.(....
. #.################ #.#
#.# ..# ..# ..(# ...


You could see a death yak, a two-headed ogre, a hippogriff, an iguana and a
worker ant.

Vanquished Creatures
  A hornet (shapeshifter) (Abyss:1)
  3 blink frogs (Abyss:1)
  A hippogriff (D:7)
  Sigmund (D:6)
  A wyvern (D:8)
  Menkaure (D:4)
  A sky beast (D:6)
  A phantom (D:6)
  4 orc warriors
  4 ogres
  5 centaurs
  An elf zombie (Ossuary)
  2 bullfrogs
  3 scorpions
  5 killer bees (D:7)
  A howler monkey (D:4)
  2 crimson imps
  A centaur zombie (Ossuary)
  3 quasits
  A hound (D:8)
  2 centaur skeletons
  An orc priest (D:4)
  A human zombie (Ossuary)
  2 jellies
  10 orc wizards
  An iguana (D:4)
  6 worker ants
  A hound zombie (Ossuary)
  4 mummies
  12 adders
  7 gnolls
  2 oozes
  4 adder zombies (Ossuary)
  8 worms
  2 dart slugs
  2 leopard geckos (D:6)
  33 orcs
  A ball python (D:4)
  8 giant cockroaches
  6 goblins
  11 hobgoblins
  6 kobolds
  A quokka (D:2)
  6 bats
  3 frilled lizards
  2 gnoll zombies (Ossuary)
  A goblin zombie (Ossuary)
  2 hobgoblin zombies (Ossuary)
  3 jackal zombies (Ossuary)
  5 kobold zombies (Ossuary)
  An orc zombie (Ossuary)
  5 quokka zombies
  12 rats
  6 rat zombies (Ossuary)
219 creatures vanquished.

Notes
Turn   | Place    | Note
-------+----------+-------------------------------------------
     0 | Abyss:1  | Gargoyl the Centaur Abyssal Knight began the quest for the
                  | Orb.
     0 | Abyss:1  | Reached XP level 1. HP: 19/19 MP: 2/2
    50 | Abyss:1  | Noticed a toenail golem
    55 | Abyss:1  | Noticed a large abomination
    81 | Abyss:1  | Noticed an ancient zyme
    88 | Abyss:1  | Noticed an iron dragon simulacrum
   116 | Abyss:1  | Noticed a quasit
   124 | Abyss:1  | Noticed a large abomination
   143 | Abyss:1  | Noticed a small abomination
   144 | Abyss:1  | Noticed an iron imp
   170 | Abyss:1  | Killed a quasit
   170 | Abyss:1  | Reached XP level 2. HP: 5/27 MP: 3/3
   170 | Abyss:1  | Reached XP level 3. HP: 6/33 MP: 4/4
   172 | D:1      | Escaped the Abyss
   834 | D:1      | Reached * piety under Lugonu
   947 | D:1      | Reached skill level 1 in Dodging
  1028 | D:2      | Found an iron altar of Okawaru.
  1225 | D:2      | Reached XP level 4. HP: 38/40 MP: 5/5
  1883 | D:2      | Reached XP level 5. HP: 31/46 MP: 6/6
  2249 | D:3      | Reached ** piety under Lugonu
  2478 | D:3      | Found a blossoming altar of Fedhas.
  3319 | D:4      | Reached XP level 6. HP: 41/52 MP: 8/8
  3716 | D:4      | Noticed Menkaure
  3888 | D:4      | Killed Menkaure
  4298 | D:4      | Got an encrusted hand axe
  4299 | D:4      | Identified the +6 hand axe "Nethros" {drain, *Rage rN++
                  | MR+++} (You found it on level 4 of the Dungeon)
  4309 | D:4      | Reached XP level 7. HP: 60/60 MP: 9/9
  4447 | D:4      | Found a basalt altar of Yredelemnul.
  4640 | D:4      | Found a hide-covered altar of Uskayaw.
  4742 | D:3      | Reached *** piety under Lugonu
  5119 | D:5      | Entered Level 5 of the Dungeon
  5536 | D:5      | Reached XP level 8. HP: 67/67 MP: 10/10
  5972 | D:5      | Reached skill level 5 in Axes
  6097 | D:6      | Reached **** piety under Lugonu
  6467 | D:6      | Found a staircase to the Ecumenical Temple.
  6499 | D:6      | Found a bloodstained altar of Trog.
  6500 | D:6      | Found a shattered altar of Ashenzari.
  6525 | D:6      | Reached skill level 1 in Shields
  6603 | D:6      | Reached skill level 5 in Fighting
  6699 | D:6      | Reached skill level 5 in Armour
  6953 | D:6      | Got a slimy scale mail
  6964 | D:6      | Identified the +2 scale mail "Mumucw" {Regen+ Int+3} (You
                  | found it on level 6 of the Dungeon)
  7066 | D:6      | Reached XP level 9. HP: 74/74 MP: 12/12
  7430 | D:6      | Reached skill level 5 in Invocations
  7471 | D:6      | Noticed Sigmund
  7477 | D:6      | Killed Sigmund
  7540 | D:7      | Found a shimmering blue altar of Sif Muna.
  7542 | D:7      | Found a shimmering altar of Xom.
  8329 | D:8      | Found a sand-covered staircase.
  8336 | Ossuary  | Entered an ossuary
  8358 | Ossuary  | Reached ***** piety under Lugonu
  8723 | D:8      | Noticed a two-headed ogre
  8727 | D:8      | Noticed a death yak
  8761 | Abyss:1  | Paralysed by a hornet for 2 turns
  8763 | Abyss:1  | HP: 3/111 [blink frog (10)]
  8771 | Abyss:1  | Reached XP level 10. HP: 62/83 MP: 14/14
  8789 | D:8      | Escaped the Abyss
  8791 | D:8      | Mangled by a death yak

Levels and vault maps discovered:
D:1:      beargit_arrival_greenhouse, layout_basic
D:2:      layout_loops_ring, overflow_temple_1_default
D:3:      kennysheep_big_flooded_room, layout_loops_corners,
          nicolae_overflow_crystal_walls, first_ration
D:4:      layout_loops_cross, nicolae_overflow_hidden_temple,
          yredelemnul_altar_generic, minmay_quadrilaterals, uniq_menkaure
D:5:      layout_loops_ring
D:6:      layout_cave_pods, chequers_temple_overflow_statue_of_worship,
          minmay_temple_entry_large_hall, grunt_ministairs_1, uniq_sigmund
D:7:      layout_basic, grunt_temple_overflow_open
D:8:      layout_gridville, david_lair_generic, nicolae_ossuary_entry_giza

Skill      XL: |  1  2  3  4  5  6  7  8  9 |
---------------+----------------------------+-----
Axes           | 2 3 4 5 6 |  6.8
Dodging        | 1 2 3 4 |  4.4
Fighting       | 4 5 |  5.8
Armour         | 2 3 4 5 6 |  6.4
Invocations    | 3 4 6 |  6.2
Shields        | 1 2 |  2.4

Action                   |  1- 3 |  4- 6 |  7- 9 | 10-12 || total
-------------------------+-------+-------+-------+-------++-------
Melee: Hand axe          |    69 |   213 |   410 |    12 ||   704
       Kick              |    11 |    41 |    77 |       ||   129
Invok: Depart the Abyss  |     1 |       |       |     1 ||     2
       Enter the Abyss   |       |       |     1 |       ||     1
       Bend Space        |       |       |       |     1 ||     1
  Use: Scroll            |     4 |     1 |     4 |       ||     9
       Potion            |       |     2 |     9 |     2 ||    13
  Eat: Chunk             |       |     9 |    10 |       ||    19
       Ration            |       |       |     1 |       ||     1
Armor: Leather armour    |    19 |       |       |       ||    19
       Chain mail        |    11 |   133 |   140 |       ||   284
       Scale mail        |       |       |    82 |     3 ||    85
       Skin              |       |       |    36 |    12 ||    48
Dodge: Dodged            |    37 |    43 |    68 |     1 ||   149
Block: Shield            |       |     7 |   158 |     4 ||   169

Table legend:
 A = Non-vault XP
 B = Vault XP
 C = Vault XP percentage of total XP
 D = Non-vault monster count
 E = Vault monster count
 F = Vault count percentage of total count
                 A         B        C        D         E       F
            +---------+---------+-------+---------+---------+-------
      Total |    5493 |     949 |  14.7 |     174 |      45 |  20.5
            +---------+---------+-------+---------+---------+-------
        D:1 |      29 |       0 |   0.0 |      17 |       0 |   0.0
        D:2 |     133 |       0 |   0.0 |      25 |       0 |   0.0
        D:3 |     249 |       8 |   3.1 |      38 |       2 |   5.0
        D:4 |     367 |     269 |  42.3 |      23 |       5 |  17.9
        D:5 |     825 |       0 |   0.0 |      23 |       0 |   0.0
        D:6 |    1281 |     344 |  21.2 |      22 |       2 |   8.3
        D:7 |     830 |       0 |   0.0 |       9 |       0 |   0.0
        D:8 |     679 |      18 |   2.6 |      12 |       1 |   7.7
    Abyss:1 |    1100 |       0 |   0.0 |       5 |       0 |   0.0
    Ossuary |       0 |     310 | 100.0 |       0 |      35 | 100.0
            +---------+---------+-------+---------+---------+-------
